 Dungeon Crawl Stone Soup version 0.30-a0-174-gbc10bd73c2 (webtiles) character file.

Game seed: 9382448201142083304

30 qw the Shield-Bearer (level 3, 0/23 HPs)
             Began as a Gargoyle Fighter on Oct 1, 2022.
             Slain by Sigmund
             ... wielding a +1 scythe of flaming
              (4 damage)
             ... on level 2 of the Dungeon.
             The game lasted 00:00:26 (1020 turns).

qw the Shield-Bearer (Gargoyle Fighter)             Turns: 1020, Time: 00:00:26

Health: 0/23       AC: 10    Str: 27    XL:     3   Next: 20%
Magic:  3/3        EV:  9    Int:  8    God:
Gold:   40         SH:  4    Dex:  9    Spells: 2/2 levels left

rFire   . . .      SeeInvis .    Y - +0 war axe
rCold   . . .      Faith    .    c - +0 buckler
rNeg    + . .      Spirit   .    b - +0 scale mail
rPois   inf        Reflect  .    (no helmet)
rElec   +          Harm     .    (no cloak)
rCorr   .          Rampage  .    (no gloves)
Will    .....                    (no boots)
Stlth   ..........               (no amulet)
HPRegen 0.23/turn                n - +6 ring of strength
MPRegen 0.08/turn                (no ring)

@: no status effects
A: sickness immunity, AC +3, negative energy resistance 1, electricity
resistance, torment resistance 1, petrification resistance
a: no special abilities


You were on level 2 of the Dungeon.
You visited 1 branch of the dungeon, and saw 2 of its levels.

You collected 40 gold pieces.


Innate Abilities, Weirdness & Mutations

You are immune to sickness and miasma.
Your stone body is resilient. (AC +3)
You are immune to poison.
You resist negative energy. (rN+)
You are resistant to electric shocks. (rElec)
You are resistant to unholy torment.
You are immune to petrification.


   Skills:
 - Level 3.2 Fighting
 + Level 3.2 Axes
 - Level 3.2 Armour
 - Level 3.2 Shields


You had 2 spell levels left.
You didn't know any spells.
Your spell library was empty.

Inventory:

Hand Weapons
 a - a +1 whip of flaming
 Y - a +0 war axe (weapon)
Armour
 b - a +0 scale mail (worn)
 c - a +0 buckler (worn)
Jewellery
 n - a +6 ring of strength (left hand)
Scrolls
 h - 4 scrolls of identify
Potions
 d - a potion of might
 e - a potion of haste {unknown}
 f - a potion of invisibility {unknown}
 g - a potion of lignification {unknown}
 o - a potion of curing

Dungeon Overview and Level Annotations

Branches:
Dungeon (2/15)

Altars:

Shops:
D:1 =

Annotations:
D:2 Sigmund


Message History

Enter note: Sigmund the Dreaded comes into view.
He is wielding a +1 scythe of flaming and wearing a +2 robe of fire resistance.
Sigmund shouts!
A kobold comes into view. It is wielding a +0 dagger.
The kobold throws a stone.
The stone hits you but does no damage. Sigmund gestures at you while chanting.
The magic dart hits you. Sigmund closely misses you.
You barely miss Sigmund. You barely miss the kobold.
Sigmund hits you with a +1 scythe of flaming.
Sigmund burns you. The kobold hits you but does no damage.
You closely miss Sigmund. You hit the kobold.
The kobold hits you but does no damage.
Sigmund drinks a potion.
Sigmund seems to grow stronger.
Sigmund barely misses you. The kobold barely misses you.
You closely miss the kobold.
The kobold is severely wounded.
You slash Sigmund! The kobold barely misses you. You block Sigmund's attack.
You miss the kobold.
The kobold is severely wounded.
You barely miss Sigmund. The kobold hits you but does no damage.
Sigmund barely misses you. The kobold closely misses you.
You barely miss the kobold.
The kobold is severely wounded.
You closely miss Sigmund. You block the kobold's attack.
You barely miss the kobold.
The kobold is severely wounded.
You barely miss Sigmund.
Sigmund mumbles some strange words.
Sigmund flickers and vanishes!
Deactivating autopickup; reactivate with Ctrl-A.
You block the kobold's attack. Something hits you but does no damage.
You closely miss the kobold.
The kobold is severely wounded.
You barely miss something. The kobold hits you but does no damage.
Something hits you! Something burns you.
You die...

... #. ... #.. ..
#... .. ... .# #.#
#.## ##. #..##{.##...
#.>K@.....# #
#.?.......#
.#.#.........#
.............##
..............######
....#...............
. ####.............#
.
#.......#.....######.
#.................#..


You could see a kobold.

Vanquished Creatures
  6 endoplasms
  A giant cockroach (D:1)
  7 goblins (D:1)
  2 hobgoblins (D:1)
  2 ball pythons (D:1)
  3 bats (D:1)
  2 kobolds (D:1)
  2 rats (D:1)
25 creatures vanquished.

Notes
Turn   | Place    | Note
-------+----------+-------------------------------------------
     0 | D:1      | qw the Gargoyle Fighter began the quest for the Orb.
     0 | D:1      | Reached XP level 1. HP: 14/14 MP: 1/1
     0 | D:1      | 0 ||| qw: Version: 0.2-a-13-gfc7b4b4
     0 | D:1      | 0 ||| qw: Game counter: 1945
     0 | D:1      | 0 ||| qw: Always use a shield: true
     0 | D:1      | 0 ||| qw: God list: Okawaru
     0 | D:1      | 0 ||| qw: Allow faded altars: false
     0 | D:1      | 0 ||| qw: Do Orc after D:15 true
     0 | D:1      | 0 ||| qw: Do second Lair branch before Depths: true
     0 | D:1      | 0 ||| qw: Lair rune preference: random
     0 | D:1      | 0 ||| qw: Plans: Normal, Zot:1-4, God:TSO, Crypt, Tomb,
                  | Pan, Slime:5, Hells, Abyss, Orb
     0 | D:1      | 0 ||| PLANNING D:1-11
     6 | D:1      | Noticed a black bear
     6 | D:1      | Noticed a swamp worm
     7 | D:1      | Noticed an anaconda
     7 | D:1      | Noticed a rime drake
   206 | D:1      | Reached XP level 2. HP: 19/19 MP: 2/2
   220 | D:1      | Found a faded altar of an unknown god.
   298 | D:1      | 298 ||| Stepping ~*~*~tactically~*~*~ (stealth).
   307 | D:1      | Found Juros's Jewellery Shoppe.
   322 | D:1      | 322 ||| SHOPLISTING ring "Ocsumuj" {rF+ rC+ rN+ Dex-2 SInv}
                  | (504 gold, have 9).
   322 | D:1      | 322 ||| SHOPLISTING ring of ice (350 gold, have 9).
   322 | D:1      | 322 ||| SHOPLISTING ring of positive energy (280 gold, have
                  | 9).
   322 | D:1      | 322 ||| SHOPLISTING ring of resist corrosion (280 gold,
                  | have 9).
   349 | D:1      | Reached skill level 3 in Axes
   419 | D:1      | Reached XP level 3. HP: 23/23 MP: 3/3
   908 | D:1      | 908 ||| UPGRADING to +6 ring of strength.
   909 | D:1      | 909 ||| READING 3 scrolls labelled HAUVAI ADAG.
   910 | D:1      | 910 ||| READING scroll labelled ATISKE ZAEVOG.
   913 | D:1      | 913 ||| READING scroll labelled XEISHOCVAI.
   914 | D:1      | 914 ||| READING scroll labelled XEAMIBBE GOVA.
   915 | D:1      | 915 ||| READING scroll labelled CURGHU PYAC FUST.
   916 | D:1      | 916 ||| DRINKING 2 pink potions.
   917 | D:1      | 917 ||| DROPPING 2 scrolls of butterflies.
   951 | D:2      | 951 ||| DROPPING +0 mace.
  1009 | D:2      | Noticed Sigmund
  1020 | D:2      | HP: 4/23 [something (10)]
  1020 | D:2      | Slain by Sigmund

Levels and vault maps discovered:
D:1:      onia_arrival_zoo_common, layout_rooms, serial_co_window_serial,
          co_window_corner_a, co_window_paths_a, co_window_corner_a,
          co_window_corner_a, co_window_corner_a, co_window_corner_cb,
          co_window_of_opportunity_b, co_window_of_opportunity_b,
          co_window_2corner, co_window_corner_ca, co_window_cross_2,
          co_window_paths_e, serial_shops, shop_fountains,
          hellmonk_ecumenical_altar_leap_of_faith
D:2:      layout_rooms, minmay_pentomino_o2, uniq_sigmund

Skill      XL: |  1  2 |
---------------+-------+-----
Axes           | 2 3 |  3.2
Fighting       | |  3.2
Armour         | |  3.2
Shields        | |  3.2

Action                   || total
-------------------------++-------
Melee: War axe           ||    62
  Use: Scroll            ||     5
       Potion            ||     1
Armor: Scale mail        ||    30
Dodge: Dodged            ||    21
Block: Buckler           ||    11

Table legend:
 A = Non-vault XP
 B = Vault XP
 C = Vault XP percentage of total XP
 D = Non-vault monster count
 E = Vault monster count
 F = Vault count percentage of total count
                 A         B        C        D         E       F
            +---------+---------+-------+---------+---------+-------
      Total |      44 |       0 |   0.0 |      25 |       0 |   0.0
            +---------+---------+-------+---------+---------+-------
        D:1 |      42 |       0 |   0.0 |      24 |       0 |   0.0
        D:2 |       2 |       0 |   0.0 |       1 |       0 |   0.0
            +---------+---------+-------+---------+---------+-------
